 Dungeon Crawl Stone Soup version 0.27-a0-1186-g8b4daa1eef (webtiles) character file.

Game seed: 8519000879596808513

544 wakim the Insei (level 7, 0/46 HPs)
             Began as an Octopode Transmuter on May 19, 2021.
             Succumbed to a killer bee's poison
             ... on level 6 of the Dungeon.
             The game lasted 00:13:13 (4560 turns).

wakim the Insei (Octopode Transmuter)               Turns: 4560, Time: 00:13:14

Health: 0/46       AC:  1    Str: 11    XL:     7   Next: 27%
Magic:  7/10       EV: 14    Int: 15    God:
Gold:   171        SH:  0    Dex: 13    Spells: 6/10 levels left

rFire    . . .     SeeInvis .     - Unarmed
rCold    . . .     Faith    .   (no shield)
rNeg     . . .     Spirit   .   (helmet currently unavailable)
rPois    .         Reflect  .   (no amulet)
rElec    .         Harm     .   (no ring)
rCorr    .         Rampage  .   (no ring)
Will     .....                  (no ring)
Stlth    ++........             (no ring)
HPRegen  0.15/turn              (no ring)
MPRegen  0.12/turn              (no ring)
                                (no ring)
                                (no ring)

@: lethally poisoned (0 -> -20), appendages
A: tentacle spike 3, almost no armour, amphibious, 8 rings, camouflage 1,
gelatinous body 1, (nimble swimmer 1), tentacles
a: End Transformation


You were on level 6 of the Dungeon.
One of your tentacles had grown a beastly spike.
You visited 1 branch of the dungeon, and saw 4 of its levels.

You collected 171 gold pieces.

Inventory:

Hand Weapons
 a - the +8 hunting sling "Fot Aczi" {venom, *Slow rElec rPois Dex+6}
   (You found it on level 6 of the Dungeon)

   It poisons the ammo it fires.
   It affects your dexterity (+6).
   It insulates you from electricity.
   It protects you from poison.
   It may slow you when you take damage.
Scrolls
 d - a scroll of amnesia
Potions
 b - a potion of flight {unknown}
 c - a potion of degeneration {unknown}
 B - 2 potions of attraction {!q}
 D - a potion of brilliance
 H - a potion of haste
 L - a potion of lignification {!q}


   Skills:
 + Level 3.1 Fighting
 * Level 3.7 Dodging
 * Level 5.4 Unarmed Combat
 - Level 2.0 Spellcasting
 * Level 4.2 Transmutations


You had 6 spell levels left.
You knew the following spells:

 Your Spells              Type           Power      Damage    Failure   Level
a - Beastly Appendage     Tmut           28%        N/A       3%          1
x - Spider Form           Tmut/Pois      3%         N/A       28%         3

Your spell library contained the following spells:

 Spells                   Type           Power      Damage    Failure   Level
 Wereblood                Tmut           14%        N/A       6%          2
 Animate Skeleton         Necr           2%         N/A       22%         1
 Apportation              Tloc           2%         N/A       22%         1
 Corona                   Hex            1%         N/A       22%         1
 Summon Small Mammal      Summ           4%         N/A       22%         1
 Ice Form                 Ice/Tmut       7%         N/A       67%         4
 Hydra Form               Tmut           7%         N/A       71%         5


Dungeon Overview and Level Annotations

Branches:
Dungeon (6/15)
 Temple: D:4-7

Altars:

Shops:
D:2 ?

Annotations:
D:6 Dowan


Innate Abilities, Weirdness & Mutations

One of your tentacles has grown a beastly spike.
You cannot wear most types of armour.
You are amphibious.
You can wear up to eight rings at the same time.
Your skin changes colour to match your surroundings (Stealth+).
Your rubbery body absorbs attacks. (AC +1, EV +1)
((You are camouflaged near water. (Stealth+)))
You have tentacles for arms and can constrict up to eight enemies at once.


Message History

You kill the killer bee!
The killer bee misses you.
You bite the killer bee!
The killer bee is poisoned.
The killer bee is heavily wounded.
Your transformation has ended.
You feel sick. The killer bee stings you.
* * * LOW HITPOINT WARNING * * *
You are lethally poisoned!
The killer bee poisons you! The killer bee closely misses you.
You feel much better.
You feel very sick.
You kill the killer bee!
The killer bee misses you.
You barely miss the killer bee. Your grab misses the killer bee.
You feel sick. The killer bee stings you.
You are more poisoned.
The killer bee poisons you! The killer bee stings you.
* * * LOW HITPOINT WARNING * * *
Casting: Spider Form (quite dangerous; 28% risk of failure)
Confirm with . or Enter, or press ? or * to list all spells.
One of your tentacles grows a vicious spike.
You feel very sick. The killer bee stings you!
* * * LOW HITPOINT WARNING * * *
The killer bee barely misses you.
You closely miss the killer bee. Your grab misses the killer bee.
Your squeeze misses the killer bee.
* * * LOW HITPOINT WARNING * * *
You feel very sick. The killer bee barely misses you.
The killer bee misses you.
You barely miss the killer bee. Your grab misses the killer bee.
Your squeeze misses the killer bee.
* * * LOW HITPOINT WARNING * * *
You feel very sick. The killer bee stings you.
* * * LOW HITPOINT WARNING * * *
You are more poisoned.
The killer bee poisons you!
You miss the killer bee. You grab the killer bee. You constrict the killer bee.
You die...

######## #.# #.#
#># #.# #.# #.#
#.#
###############.#
#.......@y....#.#
#.###########.#.#
#)# ##.#.#
#.##### #....#
#.)...######....#
#####.....##....#
#...#.....+....y#
#.#.#.....##.)..#
#.........#####.#


You could see a killer bee.

Vanquished Creatures
  An ogre (D:6)
  A centaur (D:6)
  4 killer bees (D:6)
  An iguana (D:6)
  6 gnolls
  An adder (D:6)
  A white imp (D:6)
  2 ufetubi (D:6)
  A worm (D:3)
  2 dart slugs
  7 orcs
  6 bats
  3 endoplasms
  10 giant cockroaches
  A goblin (D:1)
  5 hobgoblins
  6 jackals
  4 kobolds
  3 quokkas
  8 ball pythons
  3 frilled lizards (D:2)
  6 rats
82 creatures vanquished.

Notes
Turn   | Place    | Note
-------+----------+-------------------------------------------
     0 | D:1      | wakim the Octopode Transmuter began the quest for the Orb.
     0 | D:1      | Reached XP level 1. HP: 13/13 MP: 3/3
   193 | D:1      | Found a faded altar of an unknown god.
   544 | D:1      | Reached XP level 2. HP: 18/18 MP: 3/5
   947 | D:1      | Reached XP level 3. HP: 18/24 MP: 4/6
  1399 | D:1      | Reached skill level 4 in Unarmed Combat
  1435 | D:1      | Learned a level 3 spell: Spider Form
  2067 | D:1      | Reached XP level 4. HP: 22/29 MP: 1/7
  2231 | D:2      | Found Noiripn's Magic Scroll Boutique.
  3153 | D:3      | Reached XP level 5. HP: 28/35 MP: 8/8
  3310 | D:3      | You fall into a shaft and drop 3 floors!
  3423 | D:6      | Noticed Dowan
  4054 | D:6      | Noticed an ogre
  4079 | D:6      | Killed an ogre
  4080 | D:6      | Reached XP level 6. HP: 41/41 MP: 1/9
  4257 | D:6      | Identified the +8 hunting sling "Fot Aczi" {venom, *Slow
                  | rElec rPois Dex+6}
  4331 | D:6      | Reached skill level 5 in Unarmed Combat
  4545 | D:6      | Reached XP level 7. HP: 23/46 MP: 6/10
  4560 | D:6      | Succumbed to a killer bee's poison

Illustrated notes

Levels and vault maps discovered:
D:1:      dpeg_arrival_ternary, layout_loops_ring,
          hellmonk_ecumenical_altar_pennies_from_heaven
D:2:      minmay_roachtagon, layout_basic, serial_shops, shop,
          minmay_pentomino_pile
D:3:      layout_loops_ring, minmay_misc_feat_chi
D:6:      layout_basic, uniq_duvessa

Skill      XL: |  1  2  3  4  5  6 |
---------------+-------------------+-----
Unarmed Combat | 4 5 |  5.4
Fighting       | 2 3 |  3.1
Transmutations | 3 4 |  4.2
Dodging        | 3 |  3.7
Spellcasting   | |  2.0

Action                   |  1- 3 |  4- 6 |  7- 9 || total
-------------------------+-------+-------+-------++-------
Melee: Unarmed           |    92 |   106 |    11 ||   209
       Tentacles         |    16 |     7 |       ||    23
       Constrict         |    16 |    20 |     1 ||    37
       Kick              |     5 |     7 |       ||    12
       Punch             |       |     2 |       ||     2
 Cast: Beastly Appendage |    10 |     6 |     1 ||    17
       Spider Form       |     1 |    10 |       ||    11
  Use: Scroll            |     2 |     7 |       ||     9
       Potion            |       |     1 |     1 ||     2
 Stab: Sleeping          |     8 |     2 |       ||    10
Armor: Skin              |    11 |     4 |       ||    15
Dodge: Dodged            |    80 |    87 |    14 ||   181

Table legend: (Time is in decaauts)
 A = Elapsed time spent in this place.
 B = Non-inter-level travel time spent in this place.
 C = Inter-level travel time spent in this place.
 D = Time resting spent in this place.
 E = Time spent auto-exploring this place.
 F = Levels seen in this place.
 G = Mean time per level.
                   A        B        C        D        E       F      G
               +--------+--------+--------+--------+--------+-----+--------+
         Total |   4545 |   4374 |    171 |    376 |   3094 |   4 | 1136.2 |
       Dungeon |   4545 |   4374 |    171 |    376 |   3094 |   4 | 1136.2 |
               +--------+--------+--------+--------+--------+-----+--------+

Top non-repeatable levels by time:
     D:1: 2003 daAuts
     D:6: 1243 daAuts
     D:2: 1044 daAuts
     D:3: 254 daAuts
